 Dungeon Crawl Stone Soup version 0.30-b1-2-g02819fbbbe (webtiles) character file.

Game seed: 4670771881419128857

(classic levelgen) 219845 EnegeticOcto the Severer (level 17, -1/143 (156) HPs)
             Began as a Minotaur Fighter on May 9, 2023.
             Was the Champion of Ru.
             Slain by a fire giant
             ... wielding a +1 great sword of flaming
              (5 damage)
             ... on level 1 of the Depths.
             The game lasted 00:19:03 (26273 turns).

EnegeticOcto the Severer (Minotaur Fighter)        Turns: 26273, Time: 00:19:04

HP:   -1/143 (156)  AC: 25    Str: 25    XL:     17   Next: 2%
MP:   14/14         EV: 13    Int:  5    God:    Ru [******]
Gold: 675           SH: 15    Dex: 12    Spells: 16/16 levels left

rFire   . . .        a - +6 broad axe "Ihuocu" {heavy, rElec rC+ rN++ Str-2}
rCold   + . .        R - +2 kite shield
rNeg    + + .        y - +2 chain mail {Will+}
rPois   +            (helmet restricted)
rElec   +            h - +2 cloak
rCorr   .            m - +2 pair of gloves
SInv    .            G - +1 pair of boots {rampage}
Will    ++...        s - amulet of regeneration Stlth
                     S - ring of Roasil {rPois Slay+4 Stlth+}
HPRegen 1.23/turn    i - +4 ring of slaying
MPRegen 0.14/turn

%: rampage
@: exhausted, drained, unable to drink
A: horns 2, low MP 1, screaming 2, inability to drink after injury 2, no
stealth, no earth magic, no translocations magic, no transmutations magic,
unskilled 1, inexperienced 1, retaliatory headbutt
}: 2/15 runes: decaying, serpentine
a: Renounce Religion, Draw Out Power, Power Leap, Apocalypse


You were on level 1 of the Depths.
You worshipped Ru.
Ru was exalted by your worship.
You visited 7 branches of the dungeon, and saw 32 of its levels.
You visited the Abyss 1 time.
You also visited: Ossuary and Gauntlet.

You collected 2858 gold pieces.
You spent 2183 gold pieces at shops.

Inventory:

Hand Weapons
 a - the +6 broad axe "Ihuocu" (weapon) {heavy, rElec rC+ rN++ Str-2}
   (You bought it in a shop on level 2 of the Orcish Mines)

   Str:       It affects your strength (-2).
   rC:        It protects you from cold.
   rElec:     It insulates you from electricity.
   rN:        It greatly protects you from negative energy.
 v - a +5 hand axe of distortion
   (You took it off an orc on level 5 of the Dungeon)
Missiles
 u - 11 curare-tipped darts (quivered)
 J - a throwing net
Armour
 c - a +0 buckler
 h - a +2 cloak (worn)
   (You took it off Crazy Yiuf on level 3 of the Dungeon)
 m - a +2 pair of gloves (worn)
   (You found it on level 5 of the Dungeon)
 y - a +2 chain mail of willpower (worn)
   (You found it in a Gauntlet)
 G - a +1 pair of boots of rampaging (worn)
   (You found it in a Gauntlet)
 K - a +2 plate armour of poison resistance
   (You took it off an orc warrior on level 2 of the Orcish Mines)
 Q - a +0 tower shield
   (You took it off Louise on level 3 of the Snake Pit)
 R - a +2 kite shield (worn)
   (You took it off a naga warrior on level 3 of the Snake Pit)
Jewellery
 i - a +4 ring of slaying (right hand)
   (You found it on level 4 of the Dungeon)
 s - an amulet of regeneration (around neck)
   (You found it on level 3 of the Dungeon)
 M - a ring of poison resistance
   (You found it on level 2 of the Lair of Beasts)
 S - the ring of Roasil (left hand) {rPois Slay+4 Stlth+}
   (You bought it in a shop on level 4 of the Snake Pit)

   [ring of slaying]

   Slay:      It affects your accuracy & damage with ranged weapons and melee
   (+4).
   rPois:     It protects you from poison.
   Stlth:     It makes you more stealthy.
Wands
 b - a wand of iceblast (14) {@v2}
   (You took it off Maurice on level 8 of the Dungeon)
 o - a wand of charming (23)
   (You found it on level 5 of the Dungeon)
 p - a wand of mindburst (16)
   (You found it on level 2 of the Swamp)
 F - a wand of digging (13) {@v3}
   (You found it on level 9 of the Dungeon)
 H - a wand of light (16) {@v1}
   (You found it on level 7 of the Dungeon)
 I - a wand of flame (43) {@v4}
   (You found it on level 7 of the Dungeon)
 P - a wand of polymorph (6)
   (You found it on level 1 of the Snake Pit)
Scrolls
 f - 7 scrolls of magic mapping {@r5}
 k - 12 scrolls of identify {@r1}
 q - 3 scrolls of fear
 t - 5 scrolls of fog
 x - 2 scrolls of silence
 D - 2 scrolls of teleportation {@r3}
 E - 2 scrolls of poison
 N - a scroll of enchant weapon
 T - a scroll of enchant armour
Potions
 d - 7 potions of might {@q3}
 e - 3 potions of resistance {@q5}
 g - 9 potions of heal wounds {@q2}
 j - 5 potions of invisibility
 l - 3 potions of berserk rage
 n - 13 potions of curing {@q1}
 r - 6 potions of flight
 w - 3 potions of ambrosia
 z - 4 potions of mutation
 A - 5 potions of attraction
 B - 4 potions of lignification
 C - 9 potions of haste {@q4}
 O - a potion of magic
Miscellaneous
 L - a phial of floods
   (You found it in a Gauntlet)


   Skills:
 + Level 15.2 Fighting
 * Level 20.6 Axes
 + Level 15.2 Armour
 + Level 13.0 Dodging
 + Level 15.2 Shields
 + Level 6.4 Evocations


You had 16 spell levels left.
You didn't know any spells.
Your spell library was empty.

Dungeon Overview and Level Annotations

Branches:
Dungeon (15/15)            Temple (1/1) D:6            Lair (5/5) D:8
  Swamp (4/4) Lair:3        Snake (4/4) Lair:3        Slime (0/5) Lair:5
    Orc (2/2) D:12            Elf (0/3) Orc:2        Vaults (0/5) D:13
 Depths (1/4) D:15        Ossuary (visited)         Gauntlet (visited)

Altars:
Ashenzari
Cheibriados
Dithmenos
Elyvilon
Fedhas
Gozag
Hepliaklqana
Kikubaaqudgha
Makhleb
Nemelex Xobeh
Okawaru
Qazlal
Ru
Sif Muna
Uskayaw
Vehumet
Wu Jian
Xom
Yredelemnul
Zin
The Shining One
Jiyva

Shops:
D:10 *   Orc:2 !?[(   Snake:1 ?(:   Snake:2 ?[:[   Snake:3 [   Snake:4 :=:

Portals:
Hell: Depths:1

Annotations:
D:3 2 transporters
D:10 2 transporters, Arcadio's ghost, novice DrFE
D:12 exclusion: ice statue
Lair:4 1 exclusion
Lair:5 1 runed translucent door, 1 exclusion
Swamp:2 Roxanne
Abyss:1 Azrael; Duvessa; Harold


Innate Abilities, Weirdness & Mutations

You have a pair of horns on your head.
Your magical capacity is low. (-10% MP)
You frequently scream uncontrollably at your foes.
You sometimes lose the ability to drink potions when taking damage.
You cannot be stealthy.
You cannot study or cast Earth magic.
You cannot study or cast Translocations magic.
You cannot study or cast Transmutations magic.
You are somewhat unskilled. (-1 Apt)
You are somewhat inexperienced. (-1 XL)
You reflexively headbutt those who attack you in melee.


Message History

The spriggan defender throws a boomerang.
The boomerang hits you!
The spriggan berserker utters an invocation to Trog.
The polar bear goes berserk!
You block the iron dragon's attack. The iron dragon claws you!
You focus your inner power and illuminate the iron dragon in retribution!
You block the iron dragon's attack.
You slice the iron dragon!!
You kill the iron dragon!
You slice the spriggan defender!!
The spriggan defender hits you with a +0 flail.
The juggernaut hits you!!!
You feel threatened and lose the ability to drink potions!
You focus your inner power and paralyse the juggernaut in retribution!
You block the juggernaut's attack. The spriggan defender misses you.
You furiously retaliate!
You headbutt the spriggan defender!
You hear a shout!
You are too injured to fight recklessly!
You are too injured to fight recklessly!
You are too injured to fight recklessly!
You are too injured to fight recklessly!
You are too injured to fight recklessly!
You are too injured to fight recklessly!
You are too injured to fight recklessly!
You are too injured to fight recklessly!
You are too injured to fight recklessly!
You are restored by drawing out deep reserves of power within.
You feel drained.
The spriggan defender hits you with a +0 flail!!
The spriggan berserker utters an invocation to Trog.
The elephant goes berserk!
The spriggan defender barely misses you.
You hear a shout!
The helpless juggernaut fails to defend itself.
You open the juggernaut like a pillowcase!!!
The juggernaut is moderately wounded.
You slice the spriggan defender!!
The spriggan defender is stunned by your conviction and fails to attack.
The spriggan berserker invokes Trog's protection!
You hear a shout!
The helpless juggernaut fails to defend itself.
You slice the juggernaut like a ripe choko!!!!
You headbutt the juggernaut.
The juggernaut is almost dead.
The spriggan defender blocks your attack.
You slice the polar bear!! You block the polar bear's attack.
The polar bear completely misses you.
The polar bear claws you but does no damage.
The spriggan defender hits you with a +0 flail!!
You focus your inner power and blind the spriggan defender in retribution!
The elephant rages.
You block the polar bear's attack. x3
The spriggan defender hits you with a +0 flail!!
* * * LOW HITPOINT WARNING * * *
You hear a shout!
You are too injured to fight recklessly!
You are too injured to fight recklessly!
You are too injured to fight recklessly!
You are too injured to fight recklessly!
You are too injured to fight recklessly!
You are too injured to fight recklessly!
You are too injured to fight recklessly!
You are too injured to fight recklessly!
You are too injured to fight recklessly!
You are too injured to fight recklessly!
The helpless juggernaut fails to defend itself.
You slice the juggernaut!!
The juggernaut is almost dead.
You slice the spriggan defender!!
You kill the spriggan defender!
You cut the polar bear into ribbons!!!
You kill the polar bear!
The polar bear's corpse disappears in a puff of smoke!
You redirect the spriggan berserker's attack!
You block the spriggan berserker's attack.
The helpless juggernaut fails to defend itself.
You cut the juggernaut into ribbons!!!
You kill the juggernaut!
You slash the spriggan berserker!
The elephant rages.
You block the elephant's attack.
The elephant trunk-slaps you but does no damage.
You redirect the spriggan berserker's attack!
The spriggan berserker hits itself with a +4 antimagic war axe!!
You have reached level 17!
You miss the spriggan berserker.
Your headbutt misses the spriggan berserker.
The spriggan berserker is severely wounded.
You slash the elephant! You slice the fire giant!!
You redirect the elephant's attack!
The elephant tramples itself.
The elephant trunk-slaps itself but does no damage.
The fire giant hits you but does no damage.
You redirect the spriggan berserker's attack!
The spriggan berserker hits you but does no damage.
You block the elephant's attack. x2
The fire giant hits you with a +1 great sword of flaming!!
* * * LOW HITPOINT WARNING * * *
The fire giant burns you.
You die...

#.# .### ## ..#
....###. ..# ........
.†# ..>...# #>#
....### # #.### ###
#....###..#
##).###.##
#.........# #....^^.#
##..C†#
###).....####...@##
.............>.Yi#
..................#
....##...............
..####.............##
.# ##.......#...## #
#......##.###
#....#####. .##### #.


You could see a fire giant, an elephant (summoned, berserk) and a spriggan
berserker (regenerating, strong-willed).

Vanquished Creatures
  A juggernaut (Depths:1)
  the Lernaean hydra (Swamp:4)
  Bai Suzhen (Snake:4)
  Mlioglotl (Swamp:4)
  A tengu reaver (Depths:1)
  2 nagarajas (Snake:4)
  A fire giant (Depths:1)
  Louise (Snake:3)
  An iron dragon (Depths:1)
  A spriggan defender (Depths:1)
  A caustic shrike zombie (Depths:1)
  A reaper (Abyss:3)
  5 eleionomae
  A dire elephant (D:15)
  2 bunyips
  A minotaur (Gauntlet)
  A shambling mangrove (Swamp:4)
  A great orb of eyes (D:15)
  18 hydras
  6 salamander tyrants (Snake:4)
  3 ghost crabs
  A rakshasa (D:15)
  A boulder beetle (D:15)
  A catoblepas (Lair:5)
  A centaur warrior (D:13)
  An ogre mage (D:15)
  Erica (D:8)
  15 anacondas
  2 dancing weapons (D:13)
  5 two-headed ogres
  6 alligators
  9 naga warriors
  3 tengu warriors
  A thrashing horror (Abyss:3)
  6 death yaks
  2 orc high priests (Orc:2)
  13 shock serpents
  8 spriggans
  11 naga sharpshooters
  A sixfirhy (Abyss:3)
  A wretched star (Abyss:3)
  3 large abominations (Abyss:3)
  4 salamander mystics (Snake:4)
  A shadow wraith (Abyss:3)
  A spatial maelstrom (Abyss:3)
  5 goliath frogs
  4 swamp dragons
  2 spriggan druids
  4 bog bodies
  3 naga ritualists
  A wizard (Depths:1)
  Pikel (D:6)
  7 lindwurms
  2 necromancers
  An orc knight (Orc:2)
  2 deep elf pyromancers
  15 mana vipers
  5 ugly things
  2 orc sorcerers (Orc:2)
  A wolf spider (D:15)
  5 will-o-the-wisps
  3 manticores
  13 salamanders
  9 elephants
  4 cyclopes
  A salamander (shapeshifter) (D:11)
  A moth of wrath (Gauntlet)
  29 black mambas
  Maurice (D:8)
  10 naga magi
  An apocalypse crab (Abyss:3)
  10 guardian serpents
  3 torpor snails
  2 gargoyles
  A spriggan zombie (Depths:1)
  19 cane toads
  2 rime drakes
  A kobold demonologist (D:10)
  11 komodo dragons
  An efreet (D:13)
  Psyche (D:8)
  3 meliai (D:15)
  4 ancient zymes (Abyss:3)
  A polar bear (shapeshifter) (D:14)
  A bloated husk (Swamp:3)
  3 trolls
  15 hornets
  10 polar bears
  A hornet (shapeshifter) (D:13)
  2 tyrant leeches (Swamp:4)
  4 raiju (Abyss:3)
  16 blink frogs
  An iron dragon simulacrum (Depths:1)
  5 slime creatures (D:14)
  A ynoxinul (Abyss:3)
  2 shadows (D:13)
  3 basilisks
  Eustachio (D:6)
  2 wraiths
  59 yaks
  4 wyverns
  4 fire elementals (Orc:2)
  11 starcursed masses (Abyss:3)
  2 steam dragons
  3 small abominations (Abyss:3)
  2 hogs (D:10)
  2 redbacks (Gauntlet)
  13 vampire mosquitoes
  7 swamp worms
  A warg (Orc:2)
  2 spatial vortices (Abyss:3)
  An acid dragon (D:13)
  29 nagas
  4 hell hounds
  15 water moccasins
  23 orc warriors
  14 black bears
  A sky beast (D:7)
  9 swamp drakes (Swamp:4)
  9 ogres
  12 wolves (Lair:5)
  3 lemures (D:6)
  9 centaurs
  2 phantoms (D:7)
  3 kobold brigands
  3 bullfrogs
  A gnoll sergeant (D:9)
  3 scorpions
  A water moccasin zombie (Ossuary)
  2 wights (D:8)
  Dowan (D:6)
  3 howler monkeys
  3 jellies (D:6)
  A quasit (Abyss:3)
  4 hounds
  15 orc priests
  Crazy Yiuf (D:3)
  4 sleepcaps
  5 iguanas
  13 orc wizards
  2 mummies (Ossuary)
  10 adders
  15 gnolls
  5 white imps
  An ufetubus (D:7)
  4 adder zombies (Ossuary)
  5 worms
  81 orcs
  8 endoplasms
  7 giant cockroaches
  7 gnoll zombies (Ossuary)
  9 goblins
  8 hobgoblins
  7 jackals
  4 quokkas
  8 ball pythons
  4 bats
  5 hobgoblin zombies (Ossuary)
  25 kobolds
  3 kobold zombies (Ossuary)
  3 orc zombies (Ossuary)
  4 rats
936 creatures vanquished.

Vanquished Creatures (others)
  A titan (Depths:1)
  A hydra (Swamp:4)
  A spatial maelstrom (Abyss:3)
  A bog body (Swamp:4)
  A salamander (Snake:4)
  A manticore (D:15)
  An elephant (Lair:5)
  A cane toad (Lair:3)
  A troll (D:12)
  2 nagas
  3 orc wizards
  An orc (Orc:2)
  10 foxfires
  28 fungi
  53 plants
  28 withered plants (Lair:4)
134 creatures vanquished.

Grand Total: 1070 creatures vanquished

Notes
Turn   | Place    | Note
-------+----------+-------------------------------------------
     0 | D:1      | EnegeticOcto the Minotaur Fighter began the quest for the
                  | Orb.
     0 | D:1      | Reached XP level 1. HP: 19/19 MP: 0/0
   123 | D:1      | Reached XP level 2. HP: 27/27 MP: 1/1
   200 | D:1      | Reached skill level 3 in Axes
   652 | D:1      | Reached XP level 3. HP: 33/33 MP: 2/2
  1154 | D:2      | Reached XP level 4. HP: 40/40 MP: 3/3
  1428 | D:2      | Reached skill level 4 in Axes
  1932 | D:3      | Reached XP level 5. HP: 29/47 MP: 4/4
  2086 | D:3      | Found a transporter.
  2109 | D:3      | Found a transporter.
  2562 | D:3      | Found a runed translucent door.
  2563 | D:3      | Noticed Crazy Yiuf
  2800 | D:3      | Killed Crazy Yiuf
  2801 | D:3      | Reached skill level 5 in Axes
  2852 | D:4      | Reached XP level 6. HP: 50/55 MP: 5/5
  3181 | D:4      | Reached skill level 5 in Fighting
  3181 | D:4      | Reached skill level 5 in Armour
  3181 | D:4      | Reached skill level 5 in Shields
  3549 | D:5      | Entered Level 5 of the Dungeon
  3599 | D:5      | Reached skill level 6 in Axes
  3625 | D:5      | Reached XP level 7. HP: 61/61 MP: 6/6
  3867 | D:5      | Found a sand-covered staircase.
  3873 | Ossuary  | Entered an ossuary
  3972 | Ossuary  | Reached skill level 7 in Axes
  4117 | D:5      | Found a shadowy altar of Dithmenos.
  4367 | D:6      | Noticed Eustachio
  4375 | D:6      | Killed Eustachio
  4376 | D:6      | Reached XP level 8. HP: 70/70 MP: 7/7
  4491 | D:6      | Found a staircase to the Ecumenical Temple.
  4543 | D:6      | Noticed Duvessa
  4543 | D:6      | Noticed Dowan
  4544 | D:6      | Banished Duvessa
  4545 | D:6      | Killed Dowan
  4582 | Temple   | Entered the Ecumenical Temple
  4761 | Temple   | Became a worshipper of Ru the Awakened
  4871 | D:6      | Reached skill level 8 in Axes
  4879 | D:6      | Reached skill level 1 in Dodging
  4879 | D:6      | Noticed Pikel
  4893 | D:6      | Killed Pikel
  4894 | D:6      | Reached skill level 9 in Axes
  5036 | D:6      | Reached XP level 9. HP: 79/79 MP: 8/8
  5364 | D:7      | Gained mutation: You cannot study or cast Earth magic. [Ru
                  | sacrifice]
  5364 | D:7      | Gained mutation: You cannot study or cast Transmutations
                  | magic. [Ru sacrifice]
  5364 | D:7      | Gained mutation: You cannot study or cast Translocations
                  | magic. [Ru sacrifice]
  5364 | D:7      | Reached * piety under Ru
  6000 | D:8      | Noticed Erica
  6010 | D:8      | Killed Erica
  6011 | D:8      | Reached skill level 10 in Axes
  6075 | D:8      | Found a staircase to the Lair.
  6076 | D:8      | Noticed a komodo dragon
  6092 | D:8      | Killed a komodo dragon
  6192 | D:8      | Noticed Maurice
  6193 | D:8      | Noticed Psyche
  6364 | D:8      | Killed Psyche
  6365 | D:8      | Reached XP level 10. HP: 86/88 MP: 9/9
  6371 | D:8      | Killed Maurice
  6510 | D:8      | Identified the scarf "Xeowa" {shadows, MP-9 SInv Stlth+}
  6614 | D:8      | Reached skill level 11 in Axes
  7016 | D:9      | Reached skill level 5 in Dodging
  7200 | D:9      | Gained mutation: Your magical capacity is low. (-10% MP)
                  | [Ru sacrifice]
  7549 | D:9      | Noticed a two-headed ogre
  7555 | D:9      | Killed a two-headed ogre
  7603 | D:10     | Entered Level 10 of the Dungeon
  7697 | D:10     | Reached skill level 12 in Axes
  7745 | D:10     | Found a transporter.
  7747 | D:10     | Noticed a two-headed ogre
  7747 | D:10     | Noticed Arcadio's ghost (novice DrFE)
  7749 | D:10     | Noticed a two-headed ogre
  7749 | D:10     | Noticed a two-headed ogre
  7751 | D:10     | Noticed a two-headed ogre
  7834 | D:10     | Noticed a gargoyle
  7838 | D:10     | Killed a gargoyle
  7883 | D:10     | Found a huge runed translucent gate.
  7884 | D:10     | Noticed a death yak
  7884 | D:10     | Found a huge runed translucent gate.
  7884 | D:10     | Found a huge runed translucent gate.
  7884 | D:10     | Found a huge runed translucent gate.
  7921 | D:10     | Found Xuixko's Mayhem Merchandise.
  7941 | D:10     | Reached XP level 11. HP: 88/97 MP: 8/8
  8067 | D:10     | Found a transporter.
  8568 | D:10     | Reached skill level 13 in Axes
  8576 | D:10     | Killed a death yak
  8577 | D:10     | Reached skill level 10 in Fighting
  8577 | D:10     | Reached skill level 10 in Armour
  8652 | D:11     | Reached skill level 10 in Shields
  8774 | D:11     | Gained mutation: You cannot be stealthy. [Ru sacrifice]
  8774 | D:11     | Reached ** piety under Ru
  8995 | D:11     | Noticed Harold
  9002 | D:11     | Banished Harold
  9062 | D:11     | Noticed a red ugly thing
  9071 | D:11     | Killed a red ugly thing
  9459 | D:12     | Found a staircase to the Orcish Mines.
  9464 | D:12     | Noticed a cyan ugly thing
  9468 | D:12     | Banished a cyan ugly thing
  9469 | D:12     | Reached skill level 14 in Axes
  9661 | D:12     | Reached XP level 12. HP: 101/108 MP: 9/9
 10325 | D:13     | Found a gate to the Vaults.
 10347 | D:13     | Noticed a five-headed hydra
 10349 | D:13     | Noticed a centaur warrior
 10351 | D:13     | Banished a six-headed hydra
 10360 | D:13     | Killed a centaur warrior
 10442 | D:13     | Reached skill level 15 in Axes
 10507 | D:13     | Noticed a tengu warrior
 10507 | D:13     | Noticed a tengu warrior
 10515 | D:13     | Killed a tengu warrior
 10530 | D:13     | Killed a tengu warrior
 10698 | D:13     | Gained mutation: You occasionally lose the ability to drink
                  | potions when taking damage. [Ru sacrifice]
 10698 | D:13     | Gained mutation: You sometimes lose the ability to drink
                  | potions when taking damage. [Ru sacrifice]
 10698 | D:13     | Reached *** piety under Ru
 10821 | Orc:1    | Entered Level 1 of the Orcish Mines
 11184 | Orc:2    | Entered Level 2 of the Orcish Mines
 11184 | Orc:2    | Found a staircase to the Elven Halls.
 11317 | Orc:2    | Noticed Azrael
 11326 | Orc:2    | Banished Azrael
 11330 | Orc:2    | Noticed an orc high priest
 11335 | Orc:2    | Found Uli Fuij's Magic Scroll Shoppe.
 11343 | Orc:2    | Killed an orc high priest
 11344 | Orc:2    | Reached XP level 13. HP: 67/116 MP: 10/10
 11827 | Orc:2    | Found Gimiotan's Antique Weapon Emporium.
 11827 | Orc:2    | Noticed an orc warlord
 11850 | Orc:2    | Banished an orc warlord
 11851 | Orc:2    | Reached skill level 16 in Axes
 11855 | Orc:2    | Found Yxaboing's Antique Armour Shoppe.
 11907 | Orc:2    | Bought a warped broad axe for 216 gold pieces
 11907 | Orc:2    | Identified the +6 broad axe "Ihuocu" {heavy, rElec rC+ rN++
                  | Str-2} (You bought it in a shop on level 2 of the Orcish
                  | Mines)
 12042 | Orc:2    | Found Ujozxu's Distillery.
 12058 | Orc:2    | Gained mutation: You occasionally shout uncontrollably at
                  | your foes. [Ru sacrifice]
 12065 | Orc:2    | Bought a potion of haste for 170 gold pieces
 12065 | Orc:2    | Bought a potion of haste for 170 gold pieces
 12379 | Lair:1   | Entered Level 1 of the Lair of Beasts
 12390 | Lair:1   | Found a gate leading to a gauntlet.
 12399 | Gauntlet | Entered a Gauntlet
 12399 | Gauntlet | Found a transporter.
 12399 | Gauntlet | Found a transporter.
 12399 | Gauntlet | Found a transporter.
 12399 | Gauntlet | Found a transporter.
 12403 | Gauntlet | Found a transporter.
 12405 | Gauntlet | Found a large runed translucent door.
 12406 | Gauntlet | Found a large runed translucent door.
 12407 | Gauntlet | Found a large runed translucent door.
 12407 | Gauntlet | Found a large runed translucent door.
 12407 | Gauntlet | Found a runed translucent door.
 12408 | Gauntlet | Found a large runed translucent door.
 12414 | Gauntlet | Found a transporter.
 12420 | Gauntlet | Found a transporter.
 12422 | Gauntlet | Found a transporter.
 12430 | Gauntlet | Found a large runed translucent door.
 12431 | Gauntlet | Found a large runed translucent door.
 12432 | Gauntlet | Found a large runed translucent door.
 12433 | Gauntlet | Found a runed translucent gate.
 12439 | Gauntlet | Found a transporter.
 12453 | Gauntlet | Found a transporter.
 12481 | Gauntlet | Found a transporter.
 12543 | Gauntlet | Found a large runed translucent door.
 12544 | Gauntlet | Found a large runed translucent door.
 12545 | Gauntlet | Found a large runed translucent door.
 12545 | Gauntlet | Found a large runed translucent door.
 12545 | Gauntlet | Found a runed translucent door.
 12546 | Gauntlet | Found a large runed translucent door.
 12547 | Gauntlet | Found a large runed translucent door.
 12548 | Gauntlet | Found a large runed translucent door.
 12548 | Gauntlet | Found a large runed translucent door.
 12549 | Gauntlet | Found a runed translucent gate.
 12549 | Gauntlet | Found a runed translucent gate.
 12551 | Gauntlet | Found a transporter.
 12634 | Gauntlet | Identified the +0 hat "Miely" {+Blink}
 12677 | Gauntlet | Identified the staff of poison "Loivvigh" {Fly rPois rF+
                  | MP-9 Dex+5}
 12677 | Gauntlet | Noticed a minotaur
 12684 | Gauntlet | Killed a minotaur
 13398 | Lair:2   | Reached skill level 10 in Dodging
 13466 | Lair:2   | Reached skill level 17 in Axes
 14308 | Lair:3   | Reached XP level 14. HP: 127/127 MP: 11/11
 14327 | Lair:3   | Gained mutation: You frequently scream uncontrollably at
                  | your foes. [Ru sacrifice]
 14327 | Lair:3   | Reached **** piety under Ru
 14366 | Lair:3   | Found a staircase to the Snake Pit.
 14579 | Lair:3   | Found a staircase to the Swamp.
 15843 | Lair:5   | Entered Level 5 of the Lair of Beasts
 15956 | Lair:5   | Reached skill level 18 in Axes
 16129 | Lair:5   | Found a runed translucent door.
 16129 | Lair:5   | Found a viscous altar of Jiyva.
 16129 | Lair:5   | Found a staircase to the Slime Pits.
 16129 | Lair:5   | Noticed an acid blob
 16154 | Lair:5   | Gained mutation: You are somewhat inexperienced. (-1 XL)
                  | [Ru sacrifice]
 16154 | Lair:5   | Reached XP level 13. HP: 122/122 MP: 10/10
 16154 | Lair:5   | Reached ***** piety under Ru
 17202 | D:14     | Identified the +2 short sword of the Ten Visions {pain,
                  | rElec Dex+4}
 17819 | D:15     | Entered Level 15 of the Dungeon
 17847 | D:15     | Reached XP level 14. HP: 79/126 MP: 11/11
 17978 | D:15     | Gained mutation: You are somewhat unskilled. (-1 Apt) [Ru
                  | sacrifice]
 17978 | D:15     | Reduced skill Axes to level 17
 17978 | D:15     | Reduced skill Dodging to level 10
 17978 | D:15     | Reached ****** piety under Ru
 18384 | D:15     | Found a staircase to the Depths.
 18836 | Snake:1  | Entered Level 1 of the Snake Pit
 18842 | Snake:1  | Reached skill level 1 in Evocations
 18896 | Snake:1  | Found Fest's Weapon Shoppe.
 19181 | Snake:1  | Found Esunae's Magic Scroll Shoppe.
 19197 | Snake:1  | Found Anemygha's Book Shop.
 19589 | Snake:2  | Reached skill level 18 in Axes
 20020 | Snake:2  | Found Deist's Antique Armour Emporium.
 20020 | Snake:2  | Found Vauxte's Magic Scroll Shoppe.
 20022 | Snake:2  | Found Nurum's Book Emporium.
 20026 | Snake:2  | Found Fucsash's Antique Armour Shoppe.
 20610 | Snake:3  | Noticed Louise
 20611 | Snake:3  | Found Odghui Ocurea's Antique Armour Emporium.
 20615 | Abyss:3  | Cast into level 3 of the Abyss (Louise)
 20624 | Abyss:3  | Found a corrupted altar of Lugonu.
 21100 | Abyss:3  | Reached XP level 15. HP: 118/131 MP: 12/12
 21110 | Snake:3  | Escaped the Abyss
 21124 | Snake:3  | Killed Louise
 21964 | Snake:4  | Entered Level 4 of the Snake Pit
 22149 | Snake:4  | Identified the +6 shortbow of Desertification {freeze,
                  | Dex+4}
 22357 | Snake:4  | Noticed Bai Suzhen
 22368 | Snake:4  | Killed Bai Suzhen
 22414 | Snake:4  | Reached skill level 19 in Axes
 23110 | Snake:4  | Reached skill level 5 in Evocations
 23120 | Snake:4  | Reached XP level 16. HP: 100/147 MP: 4/13
 23191 | Snake:4  | Got a serpentine rune of Zot
 23552 | Snake:4  | Found Zerghete's Book Shoppe.
 23552 | Snake:4  | Found Kobyxkea's Jewellery Shop.
 23554 | Snake:4  | Found Foaq's Book Shoppe.
 23562 | Snake:4  | Bought the ring of Roasil {rPois Slay+4 Stlth+} for 1012
                  | gold pieces
 23718 | Swamp:1  | Entered Level 1 of the Swamp
 23849 | Swamp:2  | Noticed Roxanne
 24039 | Swamp:3  | Reached skill level 20 in Axes
 24211 | Swamp:4  | Entered Level 4 of the Swamp
 24211 | Swamp:4  | Noticed Mlioglotl
 24220 | Swamp:4  | Killed Mlioglotl
 24488 | Swamp:4  | Reached skill level 15 in Shields
 24506 | Swamp:4  | Reached skill level 15 in Armour
 24708 | Swamp:4  | Reached skill level 15 in Fighting
 24741 | Swamp:4  | Noticed the 27-headed Lernaean hydra
 24968 | Swamp:4  | Killed the 26-headed Lernaean hydra
 25031 | Swamp:4  | Got a decaying rune of Zot
 25442 | Orc:2    | Bought a scroll of teleportation for 48 gold pieces
 25762 | Snake:2  | Bought a scroll of teleportation for 42 gold pieces
 25762 | Snake:2  | Bought 2 scrolls of magic mapping for 210 gold pieces
 25762 | Snake:2  | Bought a scroll of magic mapping for 105 gold pieces
 25762 | Snake:2  | Bought a scroll of magic mapping for 105 gold pieces
 25762 | Snake:2  | Bought a scroll of enchant armour for 105 gold pieces
 26081 | Depths:1 | Entered Level 1 of the Depths
 26081 | Depths:1 | Found a gateway to Hell.
 26203 | Depths:1 | Noticed a titan
 26208 | Depths:1 | Killed a titan
 26263 | Depths:1 | Noticed a juggernaut
 26272 | Depths:1 | Killed a juggernaut
 26273 | Depths:1 | Reached XP level 17. HP: 29/143 MP: 14/14
 26273 | Depths:1 | HP: 4/143 [fire giant/+1 great sword of flaming (27)]
 26273 | Depths:1 | Slain by a fire giant

Illustrated notes

Levels and vault maps discovered:
D:1:      eino_arrival_water_cross, layout_loops_ring, minmay_distorted
D:2:      layout_rooms, minmay_misc_feat_pillars,
          minmay_fractal_squares_gapless_5
D:3:      gammafunk_wand_slinger, layout_basic, st_stairs_5,
          uniq_crazy_yiuf_cottage
D:4:      layout_basic
D:5:      layout_rooms, mainiacjoe_overflow_paths, nicolae_ossuary_entry_plus,
          saegor_snake_ambush
D:6:      layout_basic, minmay_temple_entry_fiery, hex_large, uniq_pikel,
          uniq_duvessa, uniq_eustachio
D:7:      layout_basic
D:8:      layout_cave_pods, david_lair_shrubbed, uniq_maurice, uniq_erica,
          uniq_psyche
D:9:      layout_long_grid
D:10:     lemuel_bear_cage, layout_stronghold, gammafunk_ghost_smash,
          minmay_shop_mayhem, grunt_decor_cap
D:11:     layout_loops_cross, uniq_harold
D:12:     cheibrodos_frozen_isle, layout_stronghold, orc_0_dummy
D:13:     layout_big_octagon, erik_vaults_1
D:14:     layout_irregular_city, nrook_uturn
D:15:     hangedman_depths_entry_try_elsewhere_first, layout_irregular_city,
          kennysheep_flooded_box, lemuel_flamethrower_3
Temple:   mainiacjoe_temple_starburst
Lair:1:   layout_loops_ring, gauntlet_entry_generic, serial_bayou_shore_a,
          infiniplex_staircase_pool
Lair:2:   beast_lair_carwin_large_1, layout_loops_ring, dreamdust_wasp_nest,
          infiniplex_staircase_pool_2, grunt_megastairs_1, serial_bayou_shore_b,
          lemuel_fruit_fields
Lair:3:   layout_cave_pods, swamp_mist, nicolae_snake_entry_squirm,
          beast_lair_carwin_7
Lair:4:   cheibrodos_magma_flow, layout_long_grid, pdpol_lair_neglected_garden
Lair:5:   evilmike_catoblepas_cave, layout_cave_pods, slime_entry_2,
          serial_bayou_shore_b, grunt_megastairs_2
Swamp:1:  nicolae_swamp_decorative_isthmus, layout_basic_swamp,
          evilmike_swamp_ruin_rubble_2
Swamp:2:  layout_basic_swamp, evilmike_swamp_ruin_house_2, uniq_aizul,
          uniq_roxanne
Swamp:3:  layout_basic_swamp, evilmike_swamp_ruin_house_1, swamp_pool1,
          hangedman_swamp_blocks, uniq_nikola
Swamp:4:  swamp_basic_johnstein, layout_basic_swamp, uniq_mlioglotl
Snake:1:  layout_onion, serial_shops, nicolae_shop_bloodbath_and_beyond, shop,
          nicolae_take_the_stairs, nicolae_snake_omega
Snake:2:  layout_chambers, minmay_shoptagon
Snake:3:  layout_layer_cave, serial_shops, shop, serial_bayou_pond_d,
          uniq_louise
Snake:4:  snake_pit_salamanders_mu, layout_chambers, nicolae_snake_flat_spine,
          hangedman_snake_corridor_cut, minmay_shop_grove, lemuel_fruit_tree,
          uniq_bai_suzhen
Orc:1:    layout_diamond_mine
Orc:2:    grunt_orc_community_town_hall, layout_diamond_mine,
          grunt_orc_community_big_house_1, grunt_orc_community_big_house_1,
          grunt_orc_community_house_2, grunt_orc_community_house_1,
          grunt_orc_community_house_1, grunt_orc_community_house_1,
          grunt_orc_community_house_3, basic_altar, uniq_azrael
Depths:1: minmay_four_inscribed_fans, layout_cave_shapes,
          roderic_serpentine_path, hell_entry, dk_noncrumbling_4,
          okawaru_altar_gauntlet_db, uniq_asterion

Skill      XL: |  1  2  3  4  5  6  7  8  9 10 11 12 13 14 15 16 |
---------------+-------------------------------------------------+-----
Axes           | 3 4 5 6 7 9 10 12 14 15 17 18 19 20 | 20.6
Shields        | 4 5 6 7 8 9 10 11 12 13 14 15 | 15.2
Fighting       | 4 5 6 7 8 9 10 11 12 13 14 15 | 15.2
Armour         | 4 5 6 7 8 9 10 11 12 13 14 15 | 15.2
Dodging        | 2 4 6 7 9 11 11 12 13 | 13.0
Evocations     | 3 5 6 |  6.4

Action                     |  1- 3 |  4- 6 |  7- 9 | 10-12 | 13-15 | 16-18 || total
---------------------------+-------+-------+-------+-------+-------+-------++-------
  Melee: War axe           |    86 |   150 |     2 |       |       |       ||   238
         Headbutt          |     4 |    16 |    29 |    72 |   236 |    65 ||   422
         Hand axe          |       |       |   168 |   338 |    88 |       ||   594
         Broad axe         |       |       |       |       |   896 |   293 ||  1189
 Invoke: Sacrifice Arcana  |       |       |     1 |       |       |       ||     1
         Sacrifice Essence |       |       |       |     1 |       |       ||     1
         Sacrifice Stealth |       |       |       |     1 |       |       ||     1
         Draw Out Power    |       |       |       |     1 |    10 |    13 ||    24
         Sacrifice Drink   |       |       |       |     1 |       |       ||     1
         Sacrifice Purity  |       |       |       |       |     2 |       ||     2
         Sacrifice Experie |       |       |       |       |     1 |       ||     1
         Sacrifice Skill   |       |       |       |       |     1 |       ||     1
  Evoke: Wand              |       |       |       |       |       |     6 ||     6
         Phial of floods   |       |       |       |       |       |     1 ||     1
    Use: Scroll            |       |    10 |     9 |    10 |     8 |     4 ||    41
         Potion            |       |       |       |       |     1 |       ||     1
   Stab: Invisible         |       |       |       |     2 |     6 |     5 ||    13
         Distracted        |       |       |       |     1 |     2 |     2 ||     5
         Paralysed         |       |       |       |       |       |     5 ||     5
 Armour: Scale mail        |    34 |       |       |       |       |       ||    34
         Chain mail        |     4 |    68 |    61 |    93 |    53 |   396 ||   675
         Plate armour      |       |       |       |    76 |   485 |    12 ||   573
  Dodge: Dodged            |    44 |    52 |    41 |   121 |   346 |   264 ||   868
  Block: Buckler           |    27 |    25 |    21 |    74 |   211 |       ||   358
         Kite shield       |       |       |       |       |   158 |   372 ||   530
         Tower shield      |       |       |       |       |    39 |       ||    39
